 Dungeon Crawl Stone Soup version 0.26.0-15-gc6cd9f7 (webtiles) character file.

Game seed: 13122271563007637533

55 MercyWheel the Sneak (level 3, -2/16 HPs)
             Began as a Spriggan Enchanter on Jan 24, 2021.
             Killed from afar by an orc wizard (13 damage)
             ... with a puff of flame
             ... on level 3 of the Dungeon.
             The game lasted 00:06:05 (2164 turns).

MercyWheel the Sneak (Spriggan Enchanter)           Turns: 2164, Time: 00:06:06

Health: -2/16      AC:  2    Str:  5    XL:     3   Next: 67%
Magic:  2/8        EV: 18    Int: 16    God:
Gold:   111        SH:  0    Dex: 16    Spells: 1/7 levels left

rFire    . . .     SeeInvis +   a - +1 dagger
rCold    . . .     Faith    .   (shield restricted)
rNeg     . . .     Spirit   .   b - +0 robe
rPois    .         Reflect  .   (helmet restricted)
rElec    .         Harm     .   (no cloak)
rCorr    .         Rampage  .   (gloves unavailable)
Will     .....                  (boots unavailable)
Stlth    +++.......             (no amulet)
HPRegen  0.05/turn              (no ring)
MPRegen  0.11/turn              (no ring)

@: very quick
A: very small, unfitting armour, see invisible, speed 3
a: no special abilities


You were on level 3 of the Dungeon.
You visited 1 branch of the dungeon, and saw 3 of its levels.

You collected 111 gold pieces.

Inventory:

Hand Weapons
 a - a +1 dagger (weapon)
Armour
 b - a +0 robe (worn)
Scrolls
 c - 3 scrolls of teleportation {unknown}
 f - a scroll of magic mapping {unknown}
 i - 3 scrolls of identify {unknown}
 k - a scroll of enchant armour {unknown}
 n - a scroll of immolation {unknown}
Potions
 d - a potion of flight {unknown}
 e - a potion of might {unknown}
 g - a potion of attraction {unknown}
 h - a potion of curing
 j - a potion of haste {unknown}
 l - a potion of lignification {unknown}
 m - a potion of invisibility {unknown}


   Skills:
 - Level 3.0 Short Blades
 - Level 3.0 Dodging
 - Level 5.0 Stealth
 - Level 2.6 Spellcasting
 + Level 4.3 Hexes


You had one spell level left.
You knew the following spells:

 Your Spells              Type           Power        Failure   Level
a - Corona                Hex            17%          3%          1
b - Ensorcelled Hibernat  Hex/Ice        18%          12%         2
c - Tukima's Dance        Hex            16%          10%         3

Your spell library contained the following spells:

 Spells                   Type           Power        Failure   Level
 Confusing Touch          Hex            16%          10%         3
 Dazzling Flash           Conj/Hex       18%          24%         3


Dungeon Overview and Level Annotations

Branches:
Dungeon (3/15)

Altars:
Elyvilon


Innate Abilities, Weirdness & Mutations

You are very small and have problems with some larger weapons.
You are too small for most types of armour.
You have supernaturally acute eyesight. (SInv)
You cover ground extremely quickly.


Message History

The orc wizard gestures at you while chanting.
The magic dart hits you.
The orc throws a boomerang.
The boomerang hits you.
* * * LOW HITPOINT WARNING * * *
The weapon returns to the orc!
It was a potion of curing.
You feel better.
The orc wizard mumbles some strange words.
The orc wizard seems to speed up.
The orc throws a boomerang.
The boomerang closely misses you.
The weapon returns to the orc!
The orc wizard completely misses you.
The orc throws a boomerang.
The boomerang barely misses you.
The weapon returns to the orc!
The orc shouts!
The orc shouts!
The orc wizard hits you with a +0 dagger.
The orc throws a boomerang.
The boomerang closely misses you.
The weapon returns to the orc!
The orc wizard points at you and mumbles some strange words.
The puff of flame hits you!
Ouch! That really hurt!
You die...

## .. ..# ##.# #.# ...#
########.# .... ....
... .# #..# #.# .#
#..####.### .#
#........@# ##
#..####o###
########........####...
.......................
....####o....#..######
##### #..o.....# #
##.....#..# ##
#.......r.#
.######..#...#.##


You could see an orc wizard (fast) and an orc.

Vanquished Creatures
  A gnoll (D:3)
  An ooze (D:1)
  A worm (D:2)
  2 dart slugs
  A giant cockroach (D:3)
  7 goblins
  4 hobgoblins
  4 jackals
  A quokka (D:2)
  2 bats (D:3)
  3 frilled lizards (D:2)
  3 kobolds
  A rat (D:2)
31 creatures vanquished.

Notes
Turn   | Place    | Note
-------+----------+-------------------------------------------
     0 | D:1      | MercyWheel the Spriggan Enchanter began the quest for the
                  | Orb.
     0 | D:1      | Reached XP level 1. HP: 9/9 MP: 5/5
   571 | D:1      | Reached XP level 2. HP: 13/13 MP: 2/6
   576 | D:1      | Learned a level 2 spell: Ensorcelled Hibernation
  1455 | D:2      | Reached skill level 5 in Stealth
  1455 | D:2      | Reached XP level 3. HP: 16/16 MP: 5/8
  1525 | D:2      | Learned a level 3 spell: Tukima's Dance
  1998 | D:3      | Found a white marble altar of Elyvilon.
  2164 | D:3      | Killed from afar by an orc wizard

Illustrated notes

Levels and vault maps discovered:
D:1:      lemuel_arrival_broad_hall, layout_rooms, st_stairs_14,
          serial_bayou_lake_a
D:2:      layout_basic
D:3:      layout_basic, led_sif_book, lemuel_round_altar,
          nemelex_xobeh_ov_fountains_minmay, uniq_robin, uniq_grinder

Skill      XL: |  1  2  3 |
---------------+----------+-----
Short Blades   | 2 3 |  3.0
Stealth        | 5 |  5.0
Hexes          | 4 |  4.3
Dodging        | |  3.0
Spellcasting   | |  2.6

Action                   || total
-------------------------++-------
Melee: Dagger            ||   101
 Cast: Corona            ||    11
       Ensorcelled Hiber ||    15
       Tukima's Dance    ||     2
  Use: Potion            ||     1
 Stab: Sleeping          ||    15
Armor: Robe              ||     7
Dodge: Dodged            ||   105
